 Dungeon Crawl Stone Soup version 0.28.0-43-g3370ac3207 (webtiles) character file.

Game seed: 16679114706748687707

966 demenzo the Slasher (level 8, -7/60 HPs)
             Began as a Djinni Cinder Acolyte on Mar 1, 2022.
             Was a High Priest of Ignis.
             Mangled by an ogre
             ... wielding a +0 giant club
              (20 damage)
             ... on level 5 of the Dungeon on Mar 3, 2022.
             The game lasted 00:11:04 (6615 turns).

demenzo the Slasher (Djinni Cinder Acolyte)         Turns: 6615, Time: 00:11:04

Health: -7/60      AC:  8    Str: 19    XL:     8   Next: 38%
Gold:   67         EV: 10    Int: 18    God:    Ignis [*****.] SH:  0 Dex:  9

rFire   + + +      SeeInvis .   a - +1 dagger (venom)
rCold   x . .      Faith    .   (no shield)
rNeg    . . .      Spirit   .   i - +3 ring mail of the Other World {rF+ Str+6}
rPois   ∞          Reflect  .   (no helmet)
rElec   .          Harm     .   (no cloak)
rCorr   .          Rampage  .   (no gloves)
Will    .....                   (boots unavailable)
Stlth   ..........              (no amulet)
HPRegen 0.20/turn               (no ring)
MPRegen 0.00/turn               (no ring)

@: flying
A: sickness immunity, fire resistance 2, cold vulnerability 1, float, innate
caster, HP casting, extra vitality 1
a: Renounce Religion, Fiery Armour, Foxfire Swarm, Rising Flame


You were on level 5 of the Dungeon.
You worshipped Ignis.
Ignis was extremely pleased with you.
You visited 1 branch of the dungeon, and saw 6 of its levels.

You collected 207 gold pieces.
You spent 140 gold pieces at shops.

Inventory:

Hand Weapons
 a - a +1 dagger of venom (weapon)
 b - a +3 whip
 w - a -1 falchion of flaming
 D - a +2 vorpal war axe
Missiles
 l - 116 stones
 q - 17 sling bullets
 r - 6 poisoned darts
 u - 3 silver javelins
Armour
 i - the +3 ring mail of the Other World (worn) {rF+ Str+6}
   (You found it on level 2 of the Dungeon)

   Str:       It affects your strength (+6).
   rF:        It protects you from fire.
 t - a +0 robe
Wands
 c - a wand of iceblast (5)
 y - a wand of digging (7)
Scrolls
 f - 5 scrolls of noise
 h - a scroll of magic mapping {unknown}
 j - a scroll of enchant armour {unknown}
 k - 4 scrolls of identify {unknown}
 m - a scroll of blinking {unknown}
 o - 2 scrolls of brand weapon {unknown}
 p - a scroll of teleportation {unknown}
 s - 2 scrolls of summoning {unknown}
 v - 2 scrolls of vulnerability {unknown}
 B - a scroll of amnesia {unknown}
Potions
 d - 3 potions of resistance {unknown}
 e - 2 potions of heal wounds {unknown}
 g - 3 potions of curing {unknown}
 n - 2 potions of haste
 x - a potion of might
 z - a potion of attraction {unknown}
 A - a potion of mutation {unknown}
 C - 2 potions of flight {unknown}


   Skills:
 + Level 5.4 Fighting
 * Level 6.5 Long Blades
 + Level 4.2 Spellcasting


You had 8 spell levels left.
You knew the following spells:

 Your Spells              Type           Power      Damage    Failure   Level
a - Scorch                Fire           38%        2d6       7%          2
b - Animate Skeleton      Necr           38%        N/A       4%          1
c - Ensorcelled Hibernat  Hex/Ice        38%        N/A       7%          2
d - Passwall              Tmut/Erth      15%        N/A       7%          2
Your spell library was empty.

Dungeon Overview and Level Annotations

Branches:
Dungeon (6/15)             Temple (0/1) D:4

Altars:

Shops:
D:2 =:   D:4 !


Innate Abilities, Weirdness & Mutations

You are immune to sickness and miasma.
You are immune to poison.
Your flesh is very heat resistant. (rF++)
You are vulnerable to cold. (rC-)
You float through the air rather than walking.
You learn spells naturally, not from books.
Your magical power is your life essence.
You have superior vitality. (+4 MHP)


Message History

The hornet zombie barely misses you.
You fly upwards.
There is a stone staircase leading down here.
You start resting.
HP restored.
You fly downwards.
The hornet zombie hits you but does no damage.
The hornet zombie hits you.
There is a stone staircase leading up here.
You hit the hornet zombie.
You destroy the hornet zombie!
No target in view!
No target in view!
No target in view!
No target in view!
Your +1 dagger of venom begins to drip with poison!
a - a +1 dagger of venom (weapon)
HP restored.
An ogre and a jelly come into view.
The ogre shouts!
The jelly quivers.
There are monsters nearby!
There are monsters nearby!
There are monsters nearby!
There are monsters nearby!
You hit the ogre but do no damage.
The ogre is poisoned.
The ogre misses you.
You barely miss the ogre. You barely miss the ogre.
The ogre is lightly wounded.
The ogre hits you with a +0 giant club!
You hit the ogre but do no damage.
The ogre looks as sick as possible!
The ogre is lightly wounded.
The ogre hits you with a +0 giant club!
There is a stone staircase leading up here.
The ogre hits you with a +0 giant club!!
* * * LOW HITPOINT WARNING * * *
You fly upwards.
There is a stone staircase leading down here.
The ogre hits you with a +0 giant club!!
You die...

......##### ### ..#...##..#
###.## .##.......###....#
.#.......###.....##### ######
.......#...##.....##.####..#.##
...##..#....".....#...##......#
........#........##....#......#
........#.......##...#........#
#...............@....#.#....###
#...............O......#......##
...........#...................##
.##........##.##................#
.#.....#....####................#
......##.#.## #..............###
............####..............##
...........#.##................#
...###............>......###.###


You could see an ogre (very poisoned).

Vanquished Creatures
  Eustachio (D:4)
  A water moccasin (D:6)
  A black bear (D:6)
  A hornet zombie (D:6)
  A sky beast (D:5)
  A necrophage (D:5)
  A bullfrog (D:5)
  A bullfrog zombie (D:5)
  A hound (D:5)
  A centaur skeleton (D:5)
  An orc wizard (D:4)
  2 hound skeletons (D:4)
  A gnoll (D:1)
  7 adders
  A shadow imp (D:6)
  An adder skeleton (D:5)
  2 dart slugs (D:2)
  11 orcs
  A bat (D:3)
  6 endoplasms
  3 giant cockroaches
  11 goblins
  2 hobgoblins (D:2)
  4 jackals (D:1)
  4 kobolds
  3 quokkas
  6 ball pythons
  7 frilled lizards
  3 rats
86 creatures vanquished.

Vanquished Creatures (others)
  5 toadstools (D:1)
5 creatures vanquished.

Grand Total: 91 creatures vanquished

Notes
Turn   | Place    | Note
-------+----------+-------------------------------------------
     0 | D:1      | demenzo the Djinni Cinder Acolyte began the quest for the
                  | Orb.
     0 | D:1      | Reached XP level 1. HP: 20/20 MP: 0/0
    36 | D:1      | Reached XP level 2. HP: 17/25 MP: 0/0
   177 | D:1      | Reached skill level 3 in Long Blades
   269 | D:1      | Found a faded altar of an unknown god.
  1060 | D:1      | Reached XP level 3. HP: 22/30 MP: 0/0
  1060 | D:1      | Learned a level 1 spell: Animate Skeleton
  1680 | D:2      | Found Xib Pix's Book Boutique.
  1858 | D:2      | Found Xetyff's Jewellery Shop.
  1871 | D:2      | Reached XP level 4. HP: 30/35 MP: 0/0
  2214 | D:2      | Identified the +3 ring mail of the Other World {rF+ Str+6}
  2763 | D:3      | Reached XP level 5. HP: 19/41 MP: 0/0
  2763 | D:3      | Learned a level 2 spell: Ensorcelled Hibernation
  2995 | D:3      | Reached skill level 4 in Long Blades
  3757 | D:4      | Noticed Eustachio
  4055 | D:4      | Found Viat's Distillery.
  4097 | D:4      | Killed Eustachio
  4098 | D:4      | Reached XP level 6. HP: 24/48 MP: 0/0
  4351 | D:4      | Bought a potion of haste for 100 gold pieces
  4351 | D:4      | Bought a potion of might for 40 gold pieces
  4407 | D:4      | Reached skill level 5 in Long Blades
  4460 | D:4      | Found a staircase to the Ecumenical Temple.
  4544 | D:5      | Entered Level 5 of the Dungeon
  4580 | D:5      | Reached XP level 7. HP: 45/53 MP: 0/0
  4580 | D:5      | Learned a level 2 spell: Passwall
  5503 | D:6      | Reached skill level 5 in Fighting
  5565 | D:6      | Reached skill level 6 in Long Blades
  5565 | D:6      | Reached XP level 8. HP: 45/59 MP: 0/0
  6615 | D:5      | Mangled by an ogre

Illustrated notes

Levels and vault maps discovered:
D:1:      ldierk_walled_garden, layout_loops_ring,
          nicolae_ecumenical_lake_church, minivault_14
D:2:      layout_basic, serial_shops, shop_statue, shop_statue
D:3:      layout_rooms
D:4:      layout_basic, minmay_temple_entry_large_hall, serial_shops, shop,
          kennysheep_generic_room_15, uniq_eustachio
D:5:      layout_cave_pools, hangedman_abyss_or_decor_slice
D:6:      layout_loops_cross

Skill      XL: |  1  2  3  4  5  6  7 |
---------------+----------------------+-----
Long Blades    | 3 4 5 6 |  6.5
Spellcasting   | 3 4 |  4.2
Fighting       | 4 5 |  5.4

Action                   |  1- 3 |  4- 6 |  7- 9 || total
-------------------------+-------+-------+-------++-------
Melee: Falchion          |    80 |    52 |       ||   132
       Punch             |       |     4 |     3 ||     7
       Whip              |       |    43 |    62 ||   105
       Dagger            |       |    45 |    54 ||    99
 Cast: Scorch            |    15 |    16 |       ||    31
       Ensorcelled Hiber |       |     1 |       ||     1
  Use: Scroll            |       |     1 |       ||     1
 Stab: Sleeping          |       |     1 |       ||     1
Armor: Robe              |    19 |     1 |       ||    20
       Ring mail         |       |    70 |    56 ||   126
Dodge: Dodged            |    53 |    83 |    68 ||   204
